 Dungeon Crawl Stone Soup version 0.29.0-4-gdea44cf6ec (webtiles) character file.

Game seed: 1152290343175138441

19 qw the Chopper (level 2, 0/26 HPs)
             Began as a Minotaur Fighter on Sept 4, 2022.
             Succumbed to their own poison gas
             ... on level 1 of the Dungeon.
             The game lasted 00:00:22 (694 turns).

qw the Chopper (Minotaur Fighter)                    Turns: 694, Time: 00:00:22

Health: 0/26       AC:  6    Str: 20    XL:     2   Next: 55%
Magic:  1/1        EV: 24    Int:  5    God:
Gold:   62         SH:  4    Dex:  9    Spells: 1/1 levels left

rFire   . . .      SeeInvis .   Y - +0 war axe
rCold   . . .      Faith    .   c - +0 buckler
rNeg    . . .      Spirit   .   b - +0 scale mail
rPois   .          Reflect  .   (helmet restricted)
rElec   .          Harm     .   (no cloak)
rCorr   .          Rampage  .   (no gloves)
Will    .....                   (no boots)
Stlth   ..........              h - amulet of the acrobat
HPRegen 0.08/turn               (no ring)
MPRegen 0.07/turn               (no ring)

@: lethally poisoned (0 -> -4), acrobatic
A: horns 2, retaliatory headbutt
a: no special abilities


You were on level 1 of the Dungeon.
You visited 1 branch of the dungeon, and saw 1 of its levels.

You collected 62 gold pieces.


Innate Abilities, Weirdness & Mutations

You have a pair of horns on your head.
You reflexively headbutt those who attack you in melee.


   Skills:
 - Level 3.6 Fighting
 + Level 3.9 Axes
 - Level 3.6 Armour
 - Level 3.6 Shields


You had one spell level left.
You didn't know any spells.
Your spell library was empty.

Inventory:

Hand Weapons
 a - a +3 demon whip of draining
 Y - a +0 war axe (weapon)
Armour
 b - a +0 scale mail (worn)
 c - a +0 buckler (worn)
Jewellery
 h - an amulet of the acrobat (around neck)
Potions
 d - a potion of might
 g - a potion of lignification {unknown}
 l - a potion of curing {unknown}
 n - a potion of mutation {unknown}

Dungeon Overview and Level Annotations

Branches:
Dungeon (1/15)

Altars:


Message History

You feel strangely unstable.
It was a scroll of teleportation.
You start waiting.
Your surroundings suddenly seem different.
Done exploring.
683 ||| READING scroll labelled VEETEPS IXOSO.
This is a scroll of acquirement!
683 ||| ACQUIRING +3 demon whip of draining Something appears at your feet!
a - a +3 demon whip of draining
685 ||| DROPPING +0 club.
You drop a +0 club.
Done exploring.
686 ||| READING scroll labelled LIKHLOD JAS.
The air fills with toxic fumes!
As you read the scroll labelled LIKHLOD JAS, it crumbles to dust.
It was a scroll of poison.
Done exploring.
(D) Dungeon
Where to? (* - list waypoints, ? - help)
What level of the Dungeon? (default 1, ? - help) Sorry, I don't know how to get there.
Done exploring.
687 ||| Stepping randomly (stuck).
Really walk into that cloud of poison gas?
You are engulfed in poison gas.
You are poisoned.
You feel very sick.
688 ||| Stepping ~*~*~tactically~*~*~ (cloud).
You feel very sick.
You see here a +0 club.
There is a lethal amount of poison in your body!
You feel very sick.
There is a lethal amount of poison in your body!
You feel sick.
There is a lethal amount of poison in your body!
You feel sick.
There is a lethal amount of poison in your body!
You feel sick.
There is a lethal amount of poison in your body!
You feel sick.
There is a lethal amount of poison in your body!
You die...

...# #................##........#
##.###.##..##000.........########
###.....#....¤¤0......####
###.....#.###¤¤0......#
..............0¤......# ########
###.....#####.00......# #.......
#.....# #.#¤####### #.######
##.#### #¤#¤##########.# #.#
#00¤@¤¤¤¤00....#
#.##########¤############
#..........0¤# ##############


There were no monsters in sight!

Vanquished Creatures
  2 bats (D:1)
  2 endoplasms (D:1)
  A giant cockroach (D:1)
  A hobgoblin (D:1)
  3 jackals (D:1)
  A kobold (D:1)
  2 ball pythons (D:1)
  4 frilled lizards (D:1)
  A goblin (D:1)
  A rat (D:1)
18 creatures vanquished.

Notes
Turn   | Place    | Note
-------+----------+-------------------------------------------
     0 | D:1      | qw the Minotaur Fighter began the quest for the Orb.
     0 | D:1      | Reached XP level 1. HP: 19/19 MP: 0/0
     0 | D:1      | 0 ||| qw: Version: 0.1-a-103-gd6f5d3a
     0 | D:1      | 0 ||| qw: Game counter: 5720
     0 | D:1      | 0 ||| qw: Always use a shield: true
     0 | D:1      | 0 ||| qw: God list: Ru
     0 | D:1      | 0 ||| qw: Allow faded altars: false
     0 | D:1      | 0 ||| qw: Do Orc after D:15 true
     0 | D:1      | 0 ||| qw: Do second Lair branch before Depths: true
     0 | D:1      | 0 ||| qw: Lair rune preference: random
     0 | D:1      | 0 ||| qw: Plans: Normal
     0 | D:1      | 0 ||| PLANNING D:1-11
   230 | D:1      | Reached skill level 3 in Axes
   246 | D:1      | 246 ||| Stepping ~*~*~tactically~*~*~ (stealth).
   247 | D:1      | 247 ||| Stepping ~*~*~tactically~*~*~ (stealth).
   277 | D:1      | Reached XP level 2. HP: 26/26 MP: 1/1
   284 | D:1      | 284 ||| Stepping ~*~*~tactically~*~*~ (stealth).
   671 | D:1      | 671 ||| UPGRADING to amulet of the acrobat.
   676 | D:1      | 676 ||| READING scroll labelled PIOHOE DEULEM.
   677 | D:1      | 677 ||| READING scroll labelled MOPYRU XUFRUISULU.
   678 | D:1      | 678 ||| READING scroll labelled FUJIT GOISUXA.
   683 | D:1      | 683 ||| READING scroll labelled VEETEPS IXOSO.
   683 | D:1      | Identified a scroll of acquirement
   683 | D:1      | 683 ||| ACQUIRING +3 demon whip of draining
   683 | D:1      | Acquired a +3 demon whip of draining
   685 | D:1      | 685 ||| DROPPING +0 club.
   686 | D:1      | 686 ||| READING scroll labelled LIKHLOD JAS.
   687 | D:1      | 687 ||| Stepping randomly (stuck).
   688 | D:1      | 688 ||| Stepping ~*~*~tactically~*~*~ (cloud).
   690 | D:1      | HP: 6/26 [poisoned by you (poison gas)]
   693 | D:1      | HP: 1/26 [poisoned by you (poison gas)]
   694 | D:1      | Succumbed to their own poison gas

Levels and vault maps discovered:
D:1:      minmay_arrival_jagged, layout_loops_ring, st_stairs_14

Skill      XL: |  1 |
---------------+----+-----
Axes           | 3 |  3.9
Fighting       | |  3.6
Armour         | |  3.6
Shields        | |  3.6

Action                   || total
-------------------------++-------
Melee: War axe           ||    49
       Headbutt          ||     8
  Use: Scroll            ||     5
Armor: Scale mail        ||    30
Dodge: Dodged            ||    20
Block: Buckler           ||     9

Table legend:
 A = Non-vault XP
 B = Vault XP
 C = Vault XP percentage of total XP
 D = Non-vault monster count
 E = Vault monster count
 F = Vault count percentage of total count
                 A         B        C        D         E       F
            +---------+---------+-------+---------+---------+-------
      Total |      27 |       1 |   3.6 |      17 |       1 |   5.6
            +---------+---------+-------+---------+---------+-------
        D:1 |      27 |       1 |   3.6 |      17 |       1 |   5.6
            +---------+---------+-------+---------+---------+-------
